 Dungeon Crawl Stone Soup version 0.28.0 (webtiles) character file.

Game seed: 3564862698908883863

62107 Kaptain the Geomancer (level 15, -2/90 HPs)
             Began as a Gargoyle Earth Elementalist on Feb 13, 2022.
             Killed from afar by Azrael (36 damage)
             ... with damnation
             ... on level 12 of the Dungeon.
             The game lasted 01:41:04 (32964 turns).

Kaptain the Geomancer (GrEE)                       Turns: 32964, Time: 01:41:05

Health: -2/90      AC: 28    Str: 12    XL:     15   Next: 5%
Magic:  1/36       EV: 11    Int: 29    God:
Gold:   990        SH:  0    Dex: 13    Spells: 22/36 levels left

rFire   + + +      SeeInvis +   X - +6 Majin-Bo {vamp, MP+6 Int+6}
rCold   + . .      Faith    .   (shield currently unavailable)
rNeg    + . .      Spirit   .   m - +0 fire dragon scales
rPois   ∞          Reflect  .   R - +0 helmet {SInv}
rElec   +          Harm     .   z - scarf {rC+ rF+}
rCorr   .          Rampage  .   n - +2 pair of gloves {Dex+3}
Will    +....                   C - +0 pair of boots
Stlth   +++.......              N - amulet of the acrobat
HPRegen 0.25/turn               h - ring of protection from fire
MPRegen 0.25/turn               w - ring of ice

@: flying, studying Short Blades
A: sickness immunity, AC +11, big wings, negative energy resistance 1,
electricity resistance, torment resistance 1, petrification resistance
a: no special abilities


You were on level 12 of the Dungeon.
You visited 2 branches of the dungeon, and saw 18 of its levels.
You also visited: Sewer and Gauntlet.

You collected 1571 gold pieces.
You spent 581 gold pieces at shops.

Inventory:

Hand Weapons
 d - a +6 spectral trident
 e - a +2 flail of protection
 q - a +2 flail of holy wrath
 s - a +6 long sword of venom
 X - the +6 Majin-Bo (weapon) {vamp, MP+6 Int+6}
   (You found it on level 5 of the Lair of Beasts)

   It occasionally heals its wielder for a portion of the damage dealt when they
   wound a living foe with it or with a spell.
   Its wielder's spells cost health as well as magical power.
   Int:       It affects your intelligence (+6).
   MP:        It affects your magic capacity (+6).
Missiles
 B - 397 stones
Armour
 l - a +1 leather armour of positive energy
 m - +0 fire dragon scales (worn)
 n - a +2 pair of gloves of dexterity (worn)
 r - the +0 pair of boots "Cephuahea" {Harm Drain Int+5 Slay+2}
   (You found it in a Gauntlet)

   Int:       It affects your intelligence (+5).
   Slay:      It affects your accuracy & damage with ranged weapons and melee
   (+2).
   Drain:     It drains your maximum health when unequipped.
   Harm:      It increases damage dealt and taken.
 z - a scarf of resistance (worn)
 C - a +0 pair of boots (worn)
 E - the +4 robe of Folly {Brilliance Will-∞ Int+8}
   (You found it on level 6 of the Lair of Beasts)

   It increases the power of your magical spells.
   It halves the magic cost of your spells (rounding up).
   It reduces your willpower to zero.
   Int:       It affects your intelligence (+8).
 Q - the +3 robe of Clouds {*Thunder rCloud rElec}
   (You found it on level 4 of the Lair of Beasts)

   It occasionally creates storm clouds above nearby enemies.
   It grants its wearer immunity to clouds.
   rElec:     It insulates you from electricity.
 R - a +0 helmet of see invisible (worn)
Magical Staves
 y - a staff of cold
 T - a staff of conjuration
Jewellery
 h - a ring of protection from fire (left hand)
 v - a ring of fire
 w - a ring of ice (right hand)
 K - a +4 ring of protection
 M - a ring of see invisible
 N - an amulet of the acrobat (around neck)
 Z - the amulet of Empaklue {Spirit rElec rF+ rN+ Int+2}
   (You found it in a Gauntlet)

   [amulet of guardian spirit]

   It causes incoming damage to be divided between your reserves of health and
   magic.
   Int:       It affects your intelligence (+2).
   rF:        It protects you from fire.
   rElec:     It insulates you from electricity.
   rN:        It protects you from negative energy.
Wands
 c - a wand of acid (17)
 i - a wand of iceblast (18)
 G - a wand of paralysis (10)
 P - a wand of polymorph (3)
 W - a wand of mindburst (9)
Scrolls
 f - 3 scrolls of enchant armour
 o - a scroll of amnesia
 p - 2 scrolls of magic mapping
 x - 3 scrolls of fog
 D - 5 scrolls of teleportation
 O - 2 scrolls of immolation
 Y - a scroll of blinking
Potions
 a - 3 potions of magic
 b - 12 potions of curing
 g - 3 potions of flight
 j - a potion of ambrosia
 k - 2 potions of resistance {unknown}
 t - 4 potions of mutation
 u - 2 potions of haste
 A - 4 potions of invisibility
 F - 2 potions of berserk rage
 H - 5 potions of brilliance
 I - a potion of heal wounds
 J - 4 potions of lignification
 L - 2 potions of cancellation {unknown}
 V - 2 potions of might {unknown}
Miscellaneous
 S - a phial of floods
 U - a phantom mirror


   Skills:
 + Level 9.3 Fighting
 + Level 9.2 Armour
 + Level 7.2 Dodging
 + Level 10.3 Stealth
 * Level 11.2 Spellcasting
 * Level 12.7 Conjurations
 - Level 0.7 Transmutations
 * Level 14.5 Earth Magic


You had 22 spell levels left.
You knew the following spells:

 Your Spells              Type           Power      Damage    Failure   Level
a - Sandblast             Erth           100%       2d20      1%          1
b - Stone Arrow           Conj/Erth      100%       3d13      1%          3
c - Lee's Rapid Deconstr  Erth           39%        3d20*     1%          5
d - Fireball              Conj/Fire      26%        3d12      34%         5

Your spell library contained the following spells:

 Spells                   Type           Power      Damage    Failure   Level
 Passwall                 Tmut/Erth      47%        N/A       1%          2
 Static Discharge         Conj/Air       52%        N/A       1%          2
 Iskenderun's Battlesphe  Conj           74%        2d12      2%          5
 Dazzling Flash           Conj/Hex       100%       N/A       3%          3
 Petrify                  Tmut/Erth      57%        N/A       8%          4
 Leda's Liquefaction      Hex/Erth       27%        N/A       9%          4
 Beastly Appendage        Tmut           40%        N/A       13%         1
 Iskenderun's Mystic Bla  Conj/Tloc      52%        2d11      13%         4
 Summon Small Mammal      Summ           64%        N/A       17%         1
 Corpse Rot               Necr/Air       32%        N/A       26%         2
 Lightning Bolt           Conj/Air       26%        1d42      34%         5
 Spider Form              Tmut/Pois      18%        N/A       41%         3
 Call Canine Familiar     Summ           16%        N/A       45%         3
 Confusing Touch          Hex            16%        N/A       45%         3
 Portal Projectile        Hex/Tloc       32%        N/A       45%         3
 Summon Guardian Golem    Hex/Summ       16%        N/A       45%         3
 Orb of Destruction       Conj           37%        9d11      61%         7
 Dispel Undead            Necr           16%        3d10      86%         4
 Conjure Ball Lightning   Conj/Air       26%        3x3d7     89%         6
 Starburst                Conj/Fire      26%        6d8       89%         6
 Manifold Assault         Tloc           16%        N/A       99%         5
 Death Channel            Necr           8%         N/A       100%        6
 Enfeeble                 Hex            8%         N/A       100%        7
 Malign Gateway           Summ/Tloc      8%         N/A       100%        7
 Maxwell's Capacitive Co  Air            8%         ∞         100%        8
 Statue Form              Tmut/Erth      Unusable   N/A       N/A         6

Dungeon Overview and Level Annotations

Branches:
Dungeon (12/15)            Temple (0/1) D:7            Lair (6/6) D:9
  Swamp (0/4) Lair:3       Spider (0/4) Lair:2        Slime (0/5) Lair:6
    Orc (0/2) D:12          Sewer (visited)         Gauntlet (visited)

Altars:
Ashenzari
Hepliaklqana
Kikubaaqudgha
Okawaru
Trog
Uskayaw
Vehumet
Xom
Zin
The Shining One
Jiyva

Shops:
D:1 :   D:4 (   D:8 (   D:9 =[

Annotations:
D:10 3 runed translucent doors, fly's ghost, journeyman TrBe
D:11 2 transporters, crompyre's ghost, journeyman DgCj
D:12 Azrael


Innate Abilities, Weirdness & Mutations

You are immune to sickness and miasma.
Your stone body is resilient. (AC +11)
You are immune to poison.
Your large and strong wings let you fly.
You resist negative energy. (rN+)
You are resistant to electric shocks. (rElec)
You are resistant to unholy torment.
You are immune to petrification.


Message History

Press: ? - help, Dir - move target A metal wall.
The metal wall shatters!
The blast of metal fragments hits Azrael!!
Azrael is moderately wounded.
A fire elemental comes into view.
Casting: Lee's Rapid Deconstruction (dangerous; 1% risk of failure)
Confirm with . or Enter, or press ? or * to list all spells.
Aiming: Lee's Rapid Deconstruction (dangerous; 1% risk of failure)
Press: ? - help, Dir - move target A metal wall.
The metal wall shatters!
The blast of metal fragments hits Azrael.
Azrael is heavily wounded.
The blast of metal fragments hits the fire elemental!!!
You destroy the fire elemental!
Casting: Lee's Rapid Deconstruction (dangerous; 1% risk of failure)
Confirm with . or Enter, or press ? or * to list all spells.
Aiming: Lee's Rapid Deconstruction (dangerous; 1% risk of failure)
Press: ? - help, Dir - move target A metal wall.
The metal wall shatters!
The blast of metal fragments hits Azrael!!!
Azrael is severely wounded.
* * * LOW HITPOINT WARNING * * *
Azrael gestures at you.
The sphere of damnation explodes!
The damnation engulfs you!!
* * * LOW HITPOINT WARNING * * *
You feel much better.
A fire elemental comes into view.
Unknown command.
Casting: Lee's Rapid Deconstruction (dangerous; 1% risk of failure)
Confirm with . or Enter, or press ? or * to list all spells.
Aiming: Stone Arrow (safe; 1% risk of failure)
Press: ? - help, Shift-Dir - straight line The stone arrow hits Azrael.
Azrael is almost dead.
Azrael gestures at you.
The sphere of damnation explodes!
The damnation engulfs you!!!
You die...

********** #### ,,,,,,,.,*
#####..# ####
,,,,,,,..########......# #...
,,,,,,,[....[..........# #...
,,,,,,,..........[.....# #...
,,,,,,,.........@......#######...
***+**,....######R##.............
*,,,,*,.,,,#......☼#.............
*,,,,*,,,,,#.......○.............
*,,,,*,,,,,#.......#E#######..###
******,,,,,#.......#○# #..#..
,,,,,,,,,,,#########○# #..#..
***,,,,,,,,,,.......)# #..#..
*,,,,,,****........# #..###


You could see Azrael and a fire elemental.

Vanquished Creatures
  Rupert (Lair:3)
  A minotaur (Gauntlet)
  A minotaur (shapeshifter) (Gauntlet)
  A fire dragon (Lair:4)
  A boulder beetle (D:12)
  An ogre mage (D:10)
  4 hydras
  An ice dragon (Lair:6)
  An anaconda (Lair:6)
  A catoblepas (Lair:6)
  8 two-headed ogres
  4 death yaks (Lair:3)
  The ghost of ikuliku the Fighter, a novice MiBe of Trog (D:7)
  Urug (D:10)
  Sonja (D:11)
  4 skeletal warriors (D:11)
  2 lindwurms (Lair:6)
  An orange crystal statue (Gauntlet)
  Pikel (D:5)
  3 oklob plants (Lair:2)
  A salamander (shapeshifter) (Gauntlet)
  A cyclops (D:11)
  9 elephants
  3 manticores
  7 torpor snails
  Maurice (D:12)
  11 cane toads
  A rime drake (Lair:1)
  An unseen horror (D:9)
  8 komodo dragons
  A komodo dragon (shapeshifter) (D:11)
  An ice devil (Gauntlet)
  The ghost of wpisznazwe the Covert, an amateur NaDe of Dithmenos (D:5)
  2 trolls (D:11)
  A polar bear (Lair:3)
  3 tyrant leeches (Lair:6)
  8 hornets
  3 blink frogs (Lair:3)
  5 dream sheep (Lair:5)
  3 shadows
  3 wyverns
  4 wraiths
  50 yaks
  5 basilisks
  2 fire elementals
  Grum (D:9)
  4 wargs (D:10)
  2 acid dragons (D:12)
  21 water moccasins
  3 hell hounds
  2 sky beasts
  A water moccasin (shapeshifter) (Gauntlet)
  4 orc warriors
  An ice beast (D:5)
  3 black bears
  39 wolves
  3 ogres
  6 centaurs
  2 lemures (D:5)
  4 phantoms
  12 bullfrogs
  4 kobold brigands
  A troll zombie (D:12)
  A wyvern skeleton (D:5)
  5 wights (D:5)
  2 howler monkeys
  5 electric eels
  2 centaur zombies
  A bullfrog zombie (D:5)
  4 hounds
  A bullfrog skeleton (D:6)
  An orc priest (D:8)
  2 gnoll shamans
  2 jellies
  2 iguanas
  8 orc wizards
  2 killer bee zombies (D:7)
  5 ogre zombies (D:12)
  A hound skeleton (D:4)
  20 gnolls
  A howler monkey skeleton (D:5)
  12 adders
  10 river rats
  5 white imps
  An ufetubus (D:7)
  2 adder skeletons (D:5)
  4 worms
  2 dart slugs
  54 orcs
  10 ball pythons
  5 endoplasms
  5 giant cockroaches
  7 goblins
  6 hobgoblins
  5 jackals
  10 quokkas
  13 bats
  4 frilled lizards
  A goblin skeleton (D:12)
  A goblin zombie (D:12)
  A hobgoblin zombie (D:12)
  32 kobolds
  An orc skeleton (D:12)
  8 orc zombies (D:12)
  5 rats
  A spectral kobold (D:6)
557 creatures vanquished.

Vanquished Creatures (collateral kills)
  A minotaur zombie (Gauntlet)
1 creature vanquished.

Vanquished Creatures (others)
  A two-headed ogre zombie (D:12)
  A goblin skeleton (D:12)
  2 goblin zombies (D:12)
  An orc skeleton (D:12)
  6 orc zombies (D:12)
  52 fungi
  115 plants
  2 withered plants (D:7)
180 creatures vanquished.

Grand Total: 738 creatures vanquished

Notes
Turn   | Place    | Note
-------+----------+-------------------------------------------
     0 | D:1      | Kaptain the Gargoyle Earth Elementalist began the quest for
                  | the Orb.
     0 | D:1      | Reached XP level 1. HP: 10/10 MP: 3/3
    63 | D:1      | Found Doan's Book Shop.
   326 | D:1      | Reached XP level 2. HP: 15/15 MP: 3/5
   856 | D:1      | Reached skill level 4 in Earth Magic
   856 | D:1      | Reached XP level 3. HP: 17/20 MP: 1/6
   860 | D:1      | Learned a level 3 spell: Stone Arrow
  1210 | D:2      | Reached skill level 1 in Fighting
  1461 | D:2      | Reached XP level 4. HP: 25/25 MP: 5/7
  1607 | D:2      | Reached skill level 1 in Armour
  1888 | D:2      | Found a faded altar of an unknown god.
  1893 | D:2      | Got Plato's Tome of Transformation
  2260 | D:3      | Reached XP level 5. HP: 24/29 MP: 1/9
  2500 | D:3      | Found a glowing drain.
  2548 | Sewer    | Entered a sewer
  2817 | Sewer    | Reached skill level 1 in Conjurations
  3204 | Sewer    | Reached XP level 6. HP: 35/35 MP: 7/10
  3206 | Sewer    | Reached skill level 5 in Earth Magic
  4232 | D:3      | Found a glowing golden altar of the Shining One.
  5083 | D:4      | Reached XP level 7. HP: 31/40 MP: 5/12
  5818 | D:4      | Found Anesma Dyri's Weapon Shoppe.
  5832 | D:4      | Found a glowing silver altar of Zin.
  6253 | D:5      | Entered Level 5 of the Dungeon
  6291 | D:5      | Noticed Pikel
  6314 | D:5      | Killed Pikel
  6315 | D:5      | Reached skill level 6 in Earth Magic
  6315 | D:5      | Reached XP level 8. HP: 13/46 MP: 1/14
  6945 | D:5      | Reached skill level 7 in Earth Magic
  7103 | D:5      | Reached skill level 5 in Spellcasting
  7103 | D:5      | Reached XP level 9. HP: 52/52 MP: 9/16
  7501 | D:5      | Noticed a two-headed ogre
  7503 | D:5      | Reached skill level 5 in Conjurations
  7626 | D:5      | Reached skill level 5 in Stealth
  7944 | D:5      | Noticed wpisznazwe's ghost (amateur NaDe)
  7945 | D:5      | Found a runed translucent gate.
  7945 | D:5      | Found a runed translucent gate.
  7945 | D:5      | Found a runed translucent gate.
  8093 | D:5      | Killed a two-headed ogre
  8094 | D:5      | Reached skill level 8 in Earth Magic
  8615 | D:5      | Killed wpisznazwe's ghost
  9068 | D:6      | Reached XP level 10. HP: 58/58 MP: 9/19
  9469 | D:6      | Found a radiant altar of Vehumet.
  9762 | D:6      | Found a hazy altar of Hepliaklqana.
 10213 | D:7      | Found a runed translucent door.
 10214 | D:7      | Noticed ikuliku's ghost (novice MiBe)
 10937 | D:7      | Found a staircase to the Ecumenical Temple.
 11422 | D:8      | Noticed a two-headed ogre
 11442 | D:7      | Killed a two-headed ogre
 11443 | D:7      | Reached skill level 5 in Fighting
 11443 | D:7      | Reached skill level 5 in Armour
 11443 | D:7      | Reached skill level 9 in Earth Magic
 11825 | D:8      | Noticed a two-headed ogre
 11851 | D:8      | Killed a two-headed ogre
 11984 | D:8      | Found an ancient bone altar of Kikubaaqudgha.
 12157 | D:8      | Found Douzxiomiz's Weapon Shoppe.
 12506 | D:9      | Found Visia's Armour Boutique.
 12522 | D:9      | Found Xoqiudd's Jewellery Shoppe.
 12647 | D:9      | Found an iron altar of Okawaru.
 12672 | D:9      | Noticed Grum
 12675 | D:9      | Killed Grum
 12704 | D:9      | Killed an unseen horror
 12705 | D:9      | Reached XP level 11. HP: 50/64 MP: 7/21
 12812 | D:9      | Noticed a manticore
 12817 | D:9      | Killed a manticore
 13124 | D:9      | Found a staircase to the Lair.
 13163 | D:8      | Reached skill level 10 in Earth Magic
 13715 | D:1      | Bought a book of the Earth for 432 gold pieces
 13721 | D:1      | Learned a level 5 spell: Lee's Rapid Deconstruction
 14573 | D:9      | Found a hide-covered altar of Uskayaw.
 14607 | D:9      | Found a broken altar of Ashenzari.
 14681 | D:10     | Entered Level 10 of the Dungeon
 14786 | D:10     | Noticed a two-headed ogre
 14792 | D:10     | Killed a two-headed ogre
 14963 | D:10     | Noticed Urug
 14969 | D:10     | Killed Urug
 15055 | D:10     | Found a shimmering altar of Xom.
 15081 | D:10     | Noticed an ogre mage
 15084 | D:10     | Noticed a manticore
 15085 | D:10     | Killed an ogre mage
 15086 | D:10     | Reached skill level 5 in Dodging
 15088 | D:10     | Killed a manticore
 15283 | D:10     | Found a shimmering altar of Xom.
 15285 | D:10     | Found a shimmering altar of Xom.
 15285 | D:10     | Found a shimmering altar of Xom.
 15285 | D:10     | Found a shimmering altar of Xom.
 15306 | D:10     | Noticed a two-headed ogre
 15309 | D:10     | Killed a two-headed ogre
 15689 | D:10     | Noticed a deep elf archer
 15690 | D:10     | Noticed fly's ghost (journeyman TrBe)
 15698 | D:10     | Found a runed translucent gate.
 15698 | D:10     | Found a runed translucent gate.
 15699 | D:10     | Found a runed translucent gate.
 15900 | D:10     | Noticed a two-headed ogre
 15906 | D:10     | Killed a two-headed ogre
 16080 | D:10     | Reached XP level 12. HP: 71/71 MP: 6/24
 16373 | Lair:1   | Entered Level 1 of the Lair of Beasts
 16376 | Lair:1   | Reached skill level 11 in Earth Magic
 18135 | Lair:2   | Noticed an eight-headed hydra
 18208 | Lair:2   | Found a bloodstained altar of Trog.
 18314 | Lair:2   | Killed an eight-headed hydra
 18315 | Lair:2   | Reached skill level 10 in Conjurations
 18607 | Lair:2   | Reached skill level 12 in Earth Magic
 18764 | Lair:2   | Found a hole to the Spider Nest.
 19571 | Lair:2   | Reached XP level 13. HP: 42/76 MP: 8/26
 20634 | Lair:3   | Noticed Rupert
 20637 | Lair:3   | Paralysed by Rupert for 3 turns
 20696 | Lair:3   | Learned a level 5 spell: Fireball
 20810 | Lair:3   | Found a staircase to the Swamp.
 20946 | Lair:4   | Found the +3 robe of Clouds {*Thunder rCloud rElec}
 21410 | D:9      | Bought a +0 helmet of see invisible for 149 gold pieces
 21973 | Lair:4   | Noticed a fire dragon
 21995 | Lair:4   | Killed a fire dragon
 22986 | Lair:3   | Killed Rupert
 23391 | Lair:3   | Reached skill level 13 in Earth Magic
 23398 | Lair:3   | Reached skill level 10 in Spellcasting
 25191 | Lair:5   | Found the +6 Majin-Bo {vamp, MP+6 Int+6}
 25439 | Lair:5   | Identified the +5 hand axe of Dim Light {pain, rElec Int-5
                  | Dex+5 SInv}
 25544 | Lair:6   | Entered Level 6 of the Lair of Beasts
 25544 | Lair:6   | Found the +4 robe of Folly {Brilliance Will-∞ Int+8}
 25550 | Lair:6   | Gained mutation: Your large and strong wings let you fly.
                  | [Gargoyle growth]
 25550 | Lair:6   | Reached XP level 14. HP: 50/84 MP: 22/28
 26673 | Lair:6   | Found a staircase to the Slime Pits.
 26673 | Lair:6   | Found a viscous altar of Jiyva.
 27030 | Lair:6   | Found a runed translucent door.
 28161 | Lair:6   | Reached skill level 14 in Earth Magic
 28651 | D:11     | Found a bloodstained altar of Trog.
 28651 | D:11     | Noticed crompyre's ghost (journeyman DgCj)
 28666 | D:11     | Found a transporter.
 28715 | D:11     | Found a transporter.
 28812 | D:11     | Reached skill level 10 in Stealth
 29278 | D:11     | Noticed Sonja
 29283 | D:11     | Killed Sonja
 29885 | D:7      | Killed ikuliku's ghost
 30366 | D:12     | Noticed Maurice
 30390 | D:12     | Found a gate leading to a gauntlet.
 30400 | Gauntlet | Entered a Gauntlet
 30400 | Gauntlet | Found a transporter.
 30400 | Gauntlet | Found a transporter.
 30525 | Gauntlet | Found a transporter.
 30527 | Gauntlet | Found a transporter.
 30532 | Gauntlet | Found a transporter.
 30546 | Gauntlet | Noticed a dire elephant
 30546 | Gauntlet | an iron troll changed into a dire elephant
 30550 | Gauntlet | Noticed a fire giant
 30550 | Gauntlet | a dire elephant changed into a fire giant
 30552 | Gauntlet | a fire giant changed into an iron troll
 30553 | Gauntlet | Noticed a quicksilver dragon
 30553 | Gauntlet | an iron troll changed into a quicksilver dragon
 30553 | Gauntlet | Noticed a reaper
 30554 | Gauntlet | a quicksilver dragon changed into an alligator snapping
                  | turtle
 30557 | Gauntlet | Found a transporter.
 30560 | Gauntlet | Found a transporter.
 30561 | Gauntlet | Found a transporter.
 30561 | Gauntlet | Found a transporter.
 30564 | Gauntlet | Noticed a sphinx
 30564 | Gauntlet | Noticed a dire elephant
 30566 | Gauntlet | Found a transporter.
 30570 | Gauntlet | Noticed a fire giant
 30570 | Gauntlet | a fire giant changed into an alligator snapping turtle
 30593 | Gauntlet | Noticed an iron dragon
 30594 | Gauntlet | Noticed a frost giant
 30594 | Gauntlet | an iron dragon changed into a frost giant
 30595 | Gauntlet | Noticed an eleionoma
 30595 | Gauntlet | a frost giant changed into an eleionoma
 30596 | Gauntlet | Noticed a quicksilver dragon
 30596 | Gauntlet | an eleionoma changed into a quicksilver dragon
 30597 | Gauntlet | Noticed a dire elephant
 30597 | Gauntlet | a quicksilver dragon changed into a dire elephant
 30600 | Gauntlet | Found a transporter.
 30611 | Gauntlet | Noticed an emperor scorpion
 30611 | Gauntlet | a dire elephant changed into an emperor scorpion
 30618 | Gauntlet | Found a transporter.
 30632 | Gauntlet | Noticed a shadow dragon
 30633 | Gauntlet | Noticed a quicksilver dragon
 30633 | Gauntlet | a shadow dragon changed into a quicksilver dragon
 30634 | Gauntlet | Noticed a sphinx
 30634 | Gauntlet | a quicksilver dragon changed into a sphinx
 30663 | Gauntlet | Found a transporter.
 30677 | Gauntlet | Found a transporter.
 30778 | Gauntlet | Found a transporter.
 30792 | Gauntlet | Found a transporter.
 30978 | Gauntlet | Got the Catalogue of Twisted Venom
 31062 | Gauntlet | Noticed a ghost moth
 31062 | Gauntlet | an orb spider changed into a ghost moth
 31065 | Gauntlet | a ghost moth changed into a bunyip
 31076 | Gauntlet | Noticed an emperor scorpion
 31076 | Gauntlet | a goliath frog changed into an emperor scorpion
 31081 | Gauntlet | Noticed a dire elephant
 31081 | Gauntlet | an emperor scorpion changed into a dire elephant
 31082 | Gauntlet | a dire elephant changed into a minotaur
 31186 | Gauntlet | Identified the +0 pair of boots "Cephuahea" {Harm Drain
                  | Int+5 Slay+2}
 31455 | Gauntlet | Identified the amulet of Empaklue {Spirit rElec rF+ rN+
                  | Int+2}
 31456 | Gauntlet | Got Sif Muna's Almanac of Execration
 31582 | D:12     | Killed Maurice
 31972 | D:11     | Reached XP level 15. HP: 22/90 MP: 14/30
 32635 | D:12     | Paralysed by a centaur for 3 turns
 32945 | D:12     | Noticed Azrael
 32964 | D:12     | Killed from afar by Azrael

Illustrated notes

Levels and vault maps discovered:
D:1:      lemuel_arrival_room, layout_basic, serial_shops, nicolae_shop_trees
D:2:      layout_rooms, shapermc_ecumenical_altar_rom_forum
D:3:      layout_basic, lemuel_tele_altar, portal_sewer_entry_e,
          wander_ebering_terrifying_dragon_lair
D:4:      nicolae_cairo_tiling, layout_loops_ring,
          mainiacjoe_overflow_six_doors_small, serial_shops, shop
D:5:      layout_loops_ring, gammafunk_ghost_nasty_kobolds,
          minmay_manual_monstrance, uniq_pikel
D:6:      layout_cave_pools, nicolae_hepliaklqana_monster_ancestors,
          mainiacjoe_overflow_surrounded_room
D:7:      layout_basic, minmay_temple_entry_poolview, gammafunk_ghost_grave,
          hex_intersection
D:8:      layout_basic, kiku_gazebo_pond_becter, serial_shops,
          nicolae_shop_trees
D:9:      layout_basic, mainiacjoe_overflow_paths, mainiacjoe_overflow_swirl,
          due_lair_maze_entry_diamond, nicolae_wooded_promenade,
          serial_park_tiny_2, uniq_grum
D:10:     layout_long_grid, xom_shifter_show, gammafunk_ghost_split,
          nicolae_concentric_dashed_squares_wild,
          chequers_serial_rivers_large_b, minivault_20, minmay_holes,
          minmay_misc_feat_enclosed, nooodl_orcs_dogs, uniq_urug
D:11:     layout_roguey, gammafunk_ghost_wrathful_warriors, uniq_sonja
D:12:     layout_irregular_city, zombieorc2_lemuel, gauntlet_entry_generic,
          uniq_azrael, uniq_maurice
Lair:1:   beast_lair_carwin_large_4, layout_loops_ring,
          grunt_forest_large_clearings
Lair:2:   minmay_lair_oklob_chamber, layout_misc_corridors,
          spider_nest_entry_web_field, basic_altar, grunt_megastairs_2
Lair:3:   layout_big_grid, swamp_mist, serial_bayou_shore_a, uniq_rupert
Lair:4:   dragon1_lemuel, layout_long_grid, minivault_26, serial_bayou_lagoon_b,
          lemuel_fruit_fields, infiniplex_staircase_pool
Lair:5:   layout_misc_corridors, infiniplex_staircase_pool_2
Lair:6:   wormcave, layout_hall_layers, slime_altar_1, lemuel_fruit_fields,
          lemuel_fruit_tree

Skill      XL: |  1  2  3  4  5  6  7  8  9 10 11 12 13 14 |
---------------+-------------------------------------------+-----
Earth Magic    | 4 5 6 7 8 9 10 12 13 14 | 14.5
Fighting       | 1 2 3 4 5 6 7 8 9 |  9.3
Armour         | 1 2 3 4 5 6 7 8 9 |  9.2
Dodging        | 2 3 4 5 6 7 |  7.2
Stealth        | 3 4 5 6 7 8 9 10 | 10.3
Spellcasting   | 3 4 5 6 7 8 9 10 11 | 11.2
Conjurations   | 1 2 3 4 6 7 9 10 11 12 | 12.7
Transmutations | |  0.7

Action                   |  1- 3 |  4- 6 |  7- 9 | 10-12 | 13-15 || total
-------------------------+-------+-------+-------+-------+-------++-------
Melee: Dagger            |    18 |     3 |       |       |       ||    21
       Trident           |       |   174 |    17 |       |    22 ||   213
       Punch             |       |     1 |     1 |     3 |       ||     5
       Long sword        |       |       |    11 |   117 |       ||   128
       Quarterstaff      |       |       |       |       |    23 ||    23
 Cast: Sandblast         |    37 |    50 |    37 |    66 |    28 ||   218
       Stone Arrow       |       |    18 |    86 |   212 |   347 ||   663
       Lee's Rapid Decon |       |       |       |    28 |    83 ||   111
Evoke: Wand              |       |       |       |    15 |     2 ||    17
  Use: Scroll            |     4 |     7 |       |     9 |     9 ||    29
       Potion            |       |     3 |       |     1 |     5 ||     9
 Stab: Sleeping          |       |     8 |       |       |       ||     8
Armor: Robe              |     1 |       |       |       |       ||     1
       Leather armour    |     7 |    81 |    20 |   163 |    28 ||   299
       Fire dragon scale |       |       |       |       |   150 ||   150
Dodge: Dodged            |    17 |   117 |    25 |   239 |   142 ||   540
